 Dungeon Crawl Stone Soup version 0.19.3-4-gbf9329e (webtiles) character file.

42 Naow the Conjurer (level 3, -7/19 HPs)
             Began as a Deep Elf Conjurer on Jan 26, 2017.
             Mangled by fatfloppyjuicyveiny's ghost (13 damage)
             ... on level 3 of the Dungeon.
             The game lasted 00:03:00 (2188 turns).

Naow the Conjurer (Deep Elf Conjurer)               Turns: 2188, Time: 00:03:00

Health: -7/19      AC:  3    Str:  5    XL:     3   Next: 35%
Magic:  2/10       EV: 13    Int: 20    God:
Gold:   68         SH:  0    Dex: 15    Spells: 2 memorised, 6 levels left

rFire  . . .     SeeInvis .     o - +0 short sword
rCold  . . .     Gourm    .     a - +0 robe
rNeg   . . .     Faith    .     (no shield)
rPois  .         Spirit   .     (no helmet)
rElec  .         Reflect  .     (no cloak)
rCorr  .         Harm     .     n - +0 pair of gloves
MR     .....                    (no boots)
Stlth  ++........               (no amulet)
                                (no ring)
                                (no ring)

@: no status effects
A: no striking features
a: no special abilities


You were on level 3 of the Dungeon.
You were not hungry.

You visited 1 branch of the dungeon, and saw 3 of its levels.

You collected 68 gold pieces.

Inventory:

Hand Weapons
 o - a +0 short sword (weapon)
Armour
 a - a +0 robe (worn)
 n - a +0 pair of gloves (worn)
Scrolls
 d - a scroll of noise {unknown}
 f - a scroll of remove curse {unknown}
 k - a scroll of fear {unknown}
 l - a scroll of enchant weapon {unknown}
 m - 2 scrolls of identify {unknown}
 q - a scroll of teleportation {unknown}
 t - a scroll of magic mapping {unknown}
Potions
 e - 5 potions of curing {unknown}
 i - 2 potions of resistance {unknown}
 p - a potion of flight {unknown}
Books
 b - a book of Conjurations

   Spells                             Type                      Level
   a - Magic Dart                     Conjuration                  1
   b - Searing Ray                    Conjuration                  2
   c - Dazzling Spray                 Conjuration/Hexes            3
   d - Fulminant Prism                Conjuration/Hexes            4
   e - Iskenderun's Mystic Blast      Conjuration                  4
   f - Iskenderun's Battlesphere      Conjuration/Charms           5
Comestibles
 c - 3 bread rations
 g - a royal jelly
 h - a meat ration
 j - a beef jerky
 r - 7 fruits


   Skills:
 - Level 2.4 Dodging
 - Level 2.4 Stealth
 + Level 3.8 Spellcasting
 * Level 5.3 Conjurations


You had 6 spell levels left.
You knew the following spells:

 Your Spells              Type           Power        Failure   Level  Hunger
a - Magic Dart            Conj           ####         1%          1    None
b - Searing Ray           Conj           ####..       2%          2    ##.....


Dungeon Overview and Level Annotations

Branches:
Dungeon (3/15)

Altars:

Annotations:
D:3 fatfloppyjuicyveiny's ghost, amateur OpBe


Message History

(Press . to maintain the ray.)
Casting: Searing Ray
Confirm with . or Enter, or press ? or * to list all spells.
Aiming: Searing Ray
Press: ? - help, Shift-Dir - straight line, f/p - fatfloppyjuicyveiny's ghost
Aim: fatfloppyjuicyveiny's ghost (moderately damaged)
The searing ray hits fatfloppyjuicyveiny's ghost.
Fatfloppyjuicyveiny's ghost is heavily damaged. (Press . to maintain the ray.) Fatfloppyjuicyveiny's ghost closely misses you.
The searing ray misses fatfloppyjuicyveiny's ghost.
Fatfloppyjuicyveiny's ghost hits you.
The searing ray hits fatfloppyjuicyveiny's ghost.
Fatfloppyjuicyveiny's ghost is severely damaged.
Fatfloppyjuicyveiny's ghost hits you!
Ouch! That really hurt!
The searing ray misses fatfloppyjuicyveiny's ghost.
You finish channeling your searing ray.
Fatfloppyjuicyveiny's ghost hits you!
Ouch! That really hurt!
You die...

+# ## .# .# #
.##.##.#
#######....... .
#.....@W##W##....
+....รท...<.......
#........########
#...........
#.#####$...## #
......# #......#
#......# #.....


You could see fatfloppyjuicyveiny's ghost.

Vanquished Creatures
  A dart slug (D:2)
  2 leopard geckos
  A ball python (D:2)
  5 goblins
  5 hobgoblins
  3 jackals (D:2)
  A quokka (D:2)
  4 bats
  3 frilled lizards (D:1)
  6 kobolds
  5 rats
36 creatures vanquished.

Notes
Turn   | Place    | Note
-------+----------+-------------------------------------------
     0 | D:1      | Naow the Deep Elf Conjurer began the quest for the Orb.
     0 | D:1      | Reached XP level 1. HP: 10/10 MP: 6/6
   342 | D:1      | Reached XP level 2. HP: 15/15 MP: 5/8
   349 | D:1      | Learned a level 2 spell: Searing Ray
   683 | D:1      | Reached skill level 5 in Conjurations
  1333 | D:2      | Reached XP level 3. HP: 19/19 MP: 7/10
  1960 | D:3      | Noticed fatfloppyjuicyveiny's ghost (amateur OpBe)
  2188 | D:3      | Mangled by fatfloppyjuicyveiny's ghost

Skill      XL: |  1  2 |
---------------+-------+-----
Conjurations   | 5 |  5.3
Dodging        | |  2.4
Stealth        | |  2.4
Spellcasting   | |  3.8

Action                   || total
-------------------------++-------
 Cast: Magic Dart        ||    68
       Searing Ray       ||     2
  Eat: Chunk             ||     4
Armor: Robe              ||     1
Dodge: Dodged            ||     7
